 Dungeon Crawl Stone Soup version 0.31.0-12-g77e489cdc1 (webtiles) character file.

Game seed: 13838178649799778992

14 DeltaZero the Chopper (level 2, -1/1 (25) HPs)
             Began as a Hill Orc Reaver on Feb 12, 2024.
             Slain by an endoplasm (2 damage)
             ... on level 1 of the Dungeon.
             The game lasted 00:01:59 (235 turns).

DeltaZero the Chopper (Hill Orc Reaver)              Turns: 235, Time: 00:02:02

HP:   -1/1 (25)     AC:  3    Str: 14    XL:     2   Next: 45%
MP:   0/4           EV: 11    Int: 13    God:
Gold: 30            SH:  0    Dex:  9    Spells: 3/4 levels left

rFire   . . .        a - +0 hand axe
rCold   . . .        (no shield)
rNeg    . . .        b - +0 leather armour
rPois   .            (no helmet)
rElec   .            (no cloak)
rCorr   .            (no gloves)
SInv    .            (no boots)
Will    .....        (no amulet)
Stlth   +            (no ring)
HPRegen 0.20/turn    (no ring)
MPRegen 0.09/turn

%: no passive effects
@: extremely drained
A: no striking features
a: no special abilities


You were on level 1 of the Dungeon.
You visited 1 branch of the dungeon, and saw 1 of its levels.

You collected 30 gold pieces.

Inventory:

Hand Weapons
 a - a +0 hand axe (weapon)
Armour
 b - a +0 leather armour (worn)
Scrolls
 c - a scroll of teleportation {unknown}
Potions
 d - a potion of brilliance {unknown}


   Skills:
 + Level 2.5 Fighting
 + Level 4.3 Axes
 + Level 1.5 Dodging
 + Level 1.6 Spellcasting
 + Level 3.4 Conjurations


You had 3 spell levels left.
You knew the following spells:

 Your Spells              Type           Power      Damage    Failure   Level
a - Kiss of Death         Conj/Necr      20%        2d7       17%         1

Your spell library contained the following spells:

 Spells                   Type           Power      Damage    Failure   Level
 Momentum Strike          Conj/Tloc      10%        3d8       26%         2
 Hailstorm                Conj/Ice       5%         3d5       45%         3


Dungeon Overview and Level Annotations

Branches:
Dungeon (1/15)

Altars:


Message History

Press: ? - help, Shift-Dir - straight line, f - hobgoblin
Aim: a hobgoblin (100% to hit)
The negative energy hits the hobgoblin!
The hobgoblin is drained!
You kill the hobgoblin!
You feel drained.
Found 4 stones and a brown potion.
Casting: Kiss of Death (safe; 17% risk of failure)
Confirm with . or Enter, or press ? or * to list all spells.
Aiming: Kiss of Death (safe; 17% risk of failure)
Press: ? - help, Shift-Dir - straight line, f - rat
Aim: a rat (100% to hit)
The negative energy hits the rat.
The rat is drained!
You kill the rat!
You feel drained.
A rat comes into view.
An endoplasm comes into view.
The rat squeaks loudly.
A goblin comes into view. It is wielding a +0 club.
The rat twitches its whiskers.
A goblin comes into view. It is wielding a +0 club.
A frilled lizard comes into view.
The goblin shouts!
The frilled lizard hisses angrily.
You hear a shout!
Casting: Kiss of Death (safe; 17% risk of failure)
Confirm with . or Enter, or press ? or * to list all spells.
Aiming: Kiss of Death (safe; 17% risk of failure)
Press: ? - help, Shift-Dir - straight line, f - rat
Aim: a rat (100% to hit)
The negative energy hits the rat.
The rat is drained!
You kill the rat!
You feel drained.
The endoplasm hits you but does no damage.
Casting: Kiss of Death (safe; 17% risk of failure)
Confirm with . or Enter, or press ? or * to list all spells.
Aiming: Kiss of Death (safe; 17% risk of failure)
Press: ? - help, Shift-Dir - straight line, f - endoplasm
Aim: an endoplasm (100% to hit)
The negative energy hits the endoplasm.
The endoplasm is drained!
The endoplasm is heavily wounded.
You feel drained. The endoplasm hits you.
Ouch! That really hurt!
You die...

#.........#####
#.............#
#........)....#
#.............#
##+##+####.>..#
##.####....###
#.(....†.......
#..............
+...@..........
#g.J$..........
....!..#..........
.###g#.#.#########
.PlP...# #P~~~P...
.P~~~P~... ..~..~~
..#


You could see an endoplasm (very drained), 2 goblins and a frilled lizard.

Vanquished Creatures
  4 goblins (D:1)
  2 hobgoblins (D:1)
  A kobold (D:1)
  A quokka (D:1)
  A ball python (D:1)
  4 rats (D:1)
13 creatures vanquished.

Notes
Turn   | Place    | Note
-------+----------+-------------------------------------------
     0 | D:1      | DeltaZero the Hill Orc Reaver began the quest for the Orb.
     0 | D:1      | Reached XP level 1. HP: 18/18 MP: 3/3
   100 | D:1      | Reached XP level 2. HP: 17/20 MP: 0/4
   235 | D:1      | Slain by an endoplasm

Illustrated notes

Levels and vault maps discovered:
D:1:      nagdon_arrival_zigzag_paths, layout_basic,
          chequers_ecumenical_altar_grove, serial_bayou_pond_b, st_stairs_5

Action                     || total
---------------------------++-------
  Melee: Hand axe          ||     6
   Cast: Kiss of Death     ||    10
 Armour: Leather armour    ||     7
  Dodge: Dodged            ||    10
